 Dungeon Crawl Stone Soup version 0.20.1-1-g8b1a95d (webtiles) character file.

4327 Monsterracer the Grappler (level 10, -8/68 HPs)
             Began as a Vampire Gladiator on Aug 20, 2017.
             Was a Priest of Hepliaklqana.
             Mangled by Prince Ribbit (13 damage)
             ... on level 9 of the Dungeon.
             The game lasted 00:20:48 (9235 turns).

Monsterracer the Grappler (Vampire Gladiator)       Turns: 9235, Time: 00:20:49

Health: -8/68      AC:  8    Str: 16    XL:     10   Next: 12%
Magic:  10/10      EV: 13    Int: 12    God:    Hepliaklqana [***...]
Gold:   398        SH:  0    Dex: 15    Spells: 5/9 levels left

rFire    . . .     SeeInvis +     - Unarmed
rCold    + + .     Gourm    .   (no shield)
rNeg     + + .     Faith    .   r - +0 scale mail
rPois    .         Spirit   .   d - +0 helmet
rElec    .         Reflect  .   (no cloak)
rCorr    .         Harm     .   (no gloves)
MR       +....                  s - +0 pair of boots "Urocsa" {rC+ rN+}
Stlth    ..........             (no amulet)
Regen    0.3/turn               e - ring of flight
MPRegen  0.2/turn               k - ring of protection from cold

@: confused, confusing touch
A: reduced essence, fangs 3, see invisible, unbreathing
a: Bat Form, Recall Ancestor, Ancestor Identity, Transference, Renounce
Religion, Evoke Flight


You were on level 9 of the Dungeon.
You worshipped Hepliaklqana.
Hepliaklqana was most pleased with you.
You were not thirsty.

You visited 2 branches of the dungeon, and saw 10 of its levels.

You collected 398 gold pieces.

Inventory:

Missiles
 c - 3 throwing nets (quivered)
Armour
 d - a +0 helmet (worn)
 r - a +0 scale mail (worn)
 s - the +0 pair of boots "Urocsa" (worn) {rC+ rN+}
   (You acquired it on level 7 of the Dungeon)

   It protects you from cold.
   It protects you from negative energy.
Jewellery
 e - a ring of flight (left hand)
 k - a ring of protection from cold (right hand)
Scrolls
 a - 4 scrolls of teleportation
 m - 6 scrolls of remove curse
 p - a scroll of immolation
 q - a scroll of fear
Potions
 f - a potion of magic {unknown}
 g - 4 potions of might
 h - a potion of agility
 i - a potion of lignification
 j - a potion of mutation
 l - 2 potions of haste
 o - 3 potions of curing
 t - 6 potions of blood


   Skills:
 + Level 5.9 Fighting
 - Level 1.5 Throwing
 + Level 2.6 Armour
 + Level 7.2 Dodging
 + Level 9.3 Stealth
 * Level 9.9 Unarmed Combat
 - Level 6.1 Hexes
 + Level 0.9 Charms
 + Level 0.8 Invocations


You had 5 spell levels left.
You knew the following spells:

 Your Spells              Type           Power        Failure   Level  Hunger
a - Confusing Touch       Hex            ##....       10%         1    ##.....
b - Swiftness             Chrm/Air       #.......     83%         2    ###....
z - Apportation           Tloc           #.....       75%         1    ##.....


Dungeon Overview and Level Annotations

Branches:
Dungeon (9/15)             Temple (1/1) D:4
   Lair: D:8-11         Orc: D:9-12

Altars:
Ashenzari
Cheibriados
Dithmenos
Elyvilon
Fedhas
Gozag
Hepliaklqana
Kikubaaqudgha
Makhleb
Nemelex Xobeh
Okawaru
Qazlal
Ru
Sif Muna
Trog
Uskayaw
Vehumet
Yredelemnul
Zin
The Shining One

Annotations:
D:9 Prince Ribbit


Innate Abilities, Weirdness & Mutations

You have razor-sharp teeth.
You have supernaturally acute eyesight. (SInv)
You can survive without breathing.
Your life essence is reduced to manifest your ancestor. (-10% HP)


Message History

Prince Ribbit is heavily wounded.
Prince Ribbit hits you!
* * * LOW HITPOINT WARNING * * *
Huge Dmg: -12%(-8hp) hp: 31%(21hp)
You hit Prince Ribbit but do no damage.
Prince Ribbit is heavily wounded.
Prince Ribbit hits you!
* * * LOW HITPOINT WARNING * * *
Prince Ribbit hits you!
* * * LOW HITPOINT WARNING * * *
Huge Dmg: -25%(-17hp) hp: 6%(4hp)
Okay, then.
You are confused.
You feel invigorated. Prince Ribbit hits you.
* * * LOW HITPOINT WARNING * * *
Huge Dmg: -1%(-1hp) hp: 5%(3hp)
You hit Prince Ribbit but do no damage. Your bite misses Prince Ribbit.
Prince Ribbit is heavily wounded.
Prince Ribbit hits you!
You die...

....... #.# #.#
........# #.###.#
....$...# #...#.#
........# ###.#.#
........# #.....####...
........###+#..........
............)..........
..............#####....
......).@F†...# ###
.............##
#..#####.....# ..
#.....# #.......
#........ #........
###.#####


You could see Prince Ribbit.

Vanquished Creatures
  Joseph (D:7)
  A gargoyle (D:9)
  A hornet (D:8)
  A hungry ghost (D:7)
  2 orc warriors
  4 ice beasts
  A sky beast (D:7)
  A centaur (D:5)
  2 ogres
  A gnoll sergeant (D:5)
  5 bullfrogs
  3 scorpions
  2 crimson imps
  A hound (D:8)
  2 orc priests
  A bullfrog skeleton (D:5)
  2 jellies
  A centaur skeleton (D:6)
  3 iguanas
  2 orc wizards (D:8)
  7 worker ants
  A hound zombie (D:5)
  The ghost of dscm the Stinger, a weakling OpVM (D:3)
  10 gnolls
  An ancestor (D:6)
  5 adders
  A white imp (D:9)
  An ooze (D:7)
  A worm (D:2)
  A dart slug (D:1)
  8 leopard geckos
  20 orcs
  2 ball pythons
  4 giant cockroaches
  5 goblins
  4 hobgoblins
  9 jackals
  6 kobolds
  3 quokkas
  7 bats
  5 frilled lizards
  A jackal skeleton (D:4)
  A leopard gecko skeleton (D:4)
  A quokka skeleton (D:7)
  3 rats
145 creatures vanquished.

Vanquished Creatures (collateral kills)
  A hornet (D:8)
  Grinder (D:4)
  A soldier ant (D:8)
  A wolf (D:9)
  2 ogres
  2 centaurs
  A bullfrog (D:7)
  A wyvern skeleton (D:7)
  An orc wizard (D:6)
  A hound (D:6)
  A hound skeleton (D:8)
  2 adders
  4 gnolls
  An adder zombie (D:6)
  A leopard gecko (D:6)
  6 orcs
  3 quokkas
  A frilled lizard (D:5)
31 creatures vanquished.

Vanquished Creatures (others)
  4 battlemagi
  An ancestor (D:5)
5 creatures vanquished.

Grand Total: 181 creatures vanquished

Notes
Turn   | Place    | Note
-------+----------+-------------------------------------------
     0 | D:1      | Monsterracer the Vampire Gladiator began the quest for the Orb.
     0 | D:1      | Reached XP level 1. HP: 16/16 MP: 1/1
   177 | D:1      | Reached XP level 2. HP: 22/22 MP: 2/2
   627 | D:2      | HP: 11/22 [worm (6)]
   803 | D:2      | Found an ancient bone altar of Kikubaaqudgha.
  1368 | D:2      | Reached XP level 3. HP: 27/27 MP: 3/3
  1495 | D:3      | Noticed dscm's ghost (weakling OpVM)
  1523 | D:3      | Killed dscm's ghost
  1634 | D:3      | Learned a level 1 spell: Confusing Touch
  1735 | D:3      | HP: 10/28 [gnoll (5)]
  1998 | D:2      | Reached XP level 4. HP: 26/34 MP: 4/4
  2107 | D:3      | Noticed an ogre
  2122 | D:2      | HP: 10/34 [ogre/giant club (20)]
  2529 | D:3      | Found a shattered altar of Ashenzari.
  2577 | D:3      | Reached skill level 1 in Stealth
  2700 | D:3      | Noticed a bullfrog
  2787 | D:3      | HP: 15/34 [bullfrog (4)]
  2793 | D:3      | Killed a bullfrog
  2793 | D:3      | Reached skill level 1 in Hexes
  2793 | D:3      | Reached XP level 5. HP: 17/39 MP: 3/5
  3297 | D:4      | Found a stormy altar of Qazlal.
  3389 | D:4      | Found a shattered altar of Ashenzari.
  3389 | D:4      | Found a burning altar of Makhleb.
  3393 | D:4      | Found an iron altar of Okawaru.
  3415 | D:4      | Found a staircase to the Ecumenical Temple.
  3423 | Temple   | Entered the Ecumenical Temple
  3627 | Temple   | Became a worshipper of Hepliaklqana the Forgotten
  3679 | D:4      | Noticed Grinder
  3696 | D:4      | Paralysed by Grinder for 7 turns
  3706 | D:4      | Killed Grinder
  3706 | D:4      | Reached skill level 5 in Unarmed Combat
  3706 | D:4      | Reached XP level 6. HP: 24/42 MP: 6/6
  3998 | D:4      | Learned a level 1 spell: Apportation
  4214 | D:5      | Entered Level 5 of the Dungeon
  4273 | D:5      | Learned a level 2 spell: Swiftness
  4286 | D:5      | Reached skill level 5 in Dodging
  4286 | D:5      | Reached XP level 7. HP: 32/46 MP: 7/7
  4383 | D:5      | Found a blossoming altar of Fedhas.
  4420 | D:5      | Reached * piety under Hepliaklqana
  4503 | D:5      | HP: 22/47 [gnoll (5)]
  4678 | D:5      | Reached skill level 5 in Stealth
  4933 | D:5      | Reached XP level 8. HP: 45/54 MP: 8/8
  5695 | D:6      | Got a heavily runed graven amulet
  5734 | D:6      | Identified the amulet "Uxtaumpu" {Harm *Drain rF- rC++ Int+4} (You found it on level 6 of the Dungeon)
  6147 | D:6      | Reached ** piety under Hepliaklqana
  6148 | D:6      | Remembered your ancestor Mirna as a battlemage
  6248 | D:6      | Found a sacrificial altar of Ru.
  7058 | D:7      | Noticed Joseph
  7077 | D:7      | Killed Joseph
  7077 | D:7      | Reached skill level 5 in Fighting
  7077 | D:7      | Reached skill level 1 in Armour
  7077 | D:7      | Reached XP level 9. HP: 55/61 MP: 9/9
  7271 | D:7      | Reached skill level 5 in Hexes
  7696 | D:7      | Identified a scroll of acquirement
  7699 | D:7      | Got a pair of polished boots
  7710 | D:7      | Identified the +0 pair of boots "Urocsa" {rC+ rN+} (You acquired it on level 7 of the Dungeon)
  7965 | D:8      | Reached *** piety under Hepliaklqana
  7975 | D:8      | Found a sacrificial altar of Ru.
  8346 | D:8      | Found a sparkling altar of Nemelex Xobeh.
  8605 | D:8      | Paralysed by a hornet for 2 turns
  8608 | D:8      | HP: 27/61 [hornet (11)]
  8613 | D:8      | HP: 20/61 [poisoned by a hornet]
  8618 | D:8      | HP: 16/61 [poisoned by a hornet]
  8623 | D:8      | HP: 14/62 [poisoned by a hornet]
  8630 | D:8      | HP: 13/62 [poisoned by a hornet]
  8638 | D:8      | HP: 12/62 [poisoned by a hornet]
  8646 | D:8      | HP: 12/62 [poisoned by a hornet]
  9186 | D:9      | Noticed Prince Ribbit
  9197 | D:9      | Reached XP level 10. HP: 63/68 MP: 8/10
  9204 | D:9      | Noticed a gargoyle
  9225 | D:9      | HP: 28/68 [gargoyle/flail (14)]
  9227 | D:9      | Killed a gargoyle
  9232 | D:9      | HP: 21/68 [Prince Ribbit (8)]
  9233 | D:9      | HP: 4/68 [Prince Ribbit (7)]
  9235 | D:9      | Mangled by Prince Ribbit

Skill      XL: |  1  2  3  4  5  6  7  8  9 |
---------------+----------------------------+-----
Fighting       | 2 3 4 5 |  5.9
Dodging        | 4 5 6 7 |  7.2
Unarmed Combat | 4 5 6 8 9 |  9.9
Stealth        | 2 3 4 5 7 9 |  9.3
Hexes          | 1 3 4 6 |  6.1
Armour         | 1 2 |  2.6
Throwing       | |  1.5
Charms         | |  0.9
Invocations    | |  0.8

Action                   |  1- 3 |  4- 6 |  7- 9 | 10-12 || total
-------------------------+-------+-------+-------+-------++-------
Melee: Unarmed           |   113 |   156 |   335 |    27 ||   631
       Bite              |     9 |    18 |    32 |     3 ||    62
       Punch             |     2 |     4 |    16 |     1 ||    23
 Cast: Confusing Touch   |       |     8 |    26 |     4 ||    38
Invok: Recall Ancestor   |       |       |     1 |       ||     1
       Ancestor Life: Ba |       |       |     1 |       ||     1
 Abil: End Transformatio |     1 |     1 |     1 |       ||     3
       Bat Form          |     1 |     1 |     1 |       ||     3
  Use: Potion            |     6 |     8 |    19 |     1 ||    34
       Scroll            |       |     6 |    13 |       ||    19
 Stab: Sleeping          |     1 |     4 |    11 |       ||    16
       Confused          |       |     3 |    13 |     2 ||    18
       Distracted        |       |       |     1 |       ||     1
Armor: Leather armour    |    29 |    23 |    18 |       ||    70
       Scale mail        |       |       |    54 |     2 ||    56
Dodge: Dodged            |    86 |    94 |   178 |     9 ||   367
